 Dungeon Crawl Stone Soup version 0.26-a0-774-g1415c89e12 (webtiles) character file.

Game seed: 7835475246004637110

466 Forecaster the Stinger (level 7, 0/57 HPs)
             Began as a Naga Venom Mage on Nov 9, 2020.
             Slain by an orc
             ... wielding a +2 vampiric hand axe
              (4 damage)
             ... on level 8 of the Dungeon.
             The game lasted 00:15:19 (5283 turns).

Forecaster the Stinger (Naga Venom Mage)            Turns: 5283, Time: 00:15:20

Health: 0/57       AC:  7    Str: 10    XL:     7   Next: 8%
Magic:  3/12       EV:  8    Int: 17    God:
Gold:   195        SH:  0    Dex: 12    Spells: 3/13 levels left

rFire    + . .     SeeInvis +   u - +1 great sword (vorpal)
rCold    . . .     Faith    .   (shield currently unavailable)
rNeg     . . .     Spirit   .   c - +1 ring mail {rF+}
rPois    +         Reflect  .   (no helmet)
rElec    .         Harm     .   (no cloak)
rCorr    .         Rampage  .   j - +0 pair of gloves
MR       .....                  (no barding)
Stlth    ++........             (no amulet)
HPRegen  0.19/turn              (no ring)
MPRegen  0.13/turn              (no ring)

@: very slightly contaminated, very slow
A: large, see invisible, deformed body, poison resistance, slowness 2, spit
poison 1, AC +2
a: Spit Poison


You were on level 8 of the Dungeon.
You visited 1 branch of the dungeon, and saw 6 of its levels.

You collected 195 gold pieces.

Inventory:

Hand Weapons
 b - a +1 mace of protection
 e - a +2 dagger of venom
 i - a +0 long sword
 q - the +1 scimitar of Laceration {vorpal, rElec Str-3 Int+8 Dex-4}
   (You found it on level 4 of the Dungeon)

   It inflicts extra damage upon your enemies.
   It affects your strength (-3).
   It affects your intelligence (+8).
   It affects your dexterity (-4).
   It insulates you from electricity.
 u - a +1 vorpal great sword (weapon)
Missiles
 g - 20 poisoned darts (quivered)
Armour
 a - a +0 robe
 c - a +1 ring mail of fire resistance (worn)
 j - a +0 pair of gloves (worn)
Jewellery
 k - an uncursed ring of fire
 s - an uncursed ring of stealth {unknown}
Wands
 p - a wand of iceblast (9)
Scrolls
 l - 5 scrolls of remove curse
 n - 5 scrolls of identify
 v - a scroll of fear {unknown}
Potions
 d - a potion of brilliance
 h - 3 potions of flight {unknown}
 m - 2 potions of attraction {unknown}
 o - 2 potions of invisibility {unknown}
 r - a potion of ambrosia {unknown}
 t - a potion of resistance {unknown}


   Skills:
 + Level 1.0 Fighting
 + Level 1.8(2.0) Short Blades
 + Level 0.7(1.4) Long Blades
 + Level 1.4 Maces & Flails
 + Level 2.0 Armour
 + Level 2.0 Dodging
 + Level 3.4 Stealth
 + Level 3.6 Spellcasting
 + Level 1.3 Transmutations
 + Level 0.2 Fire Magic
 + Level 2.2 Air Magic
 + Level 5.4 Poison Magic


You had 3 spell levels left.
You knew the following spells:

 Your Spells              Type           Power        Failure   Level
a - Sting                 Tmut/Pois      ##..         11%         1
b - Poisonous Vapours     Pois/Air       ###...       13%         2
c - Olgreb's Toxic Radia  Pois           ###.....     41%         4
d - Ignite Poison         Fire/Tmut/Pois ##......     43%         3

Your spell library contained the following spells:

 Spells                   Type           Power        Failure   Level
 Mephitic Cloud           Conj/Pois/Air  ##......     41%         3


Dungeon Overview and Level Annotations

Branches:
Dungeon (5/15)
 Temple: D:4-7

Altars:
Elyvilon
Ru
The Shining One

Shops:
D:4 *


Innate Abilities, Weirdness & Mutations

You cannot wear boots.
Your serpentine skin is tough. (AC +2)
You have supernaturally acute eyesight. (SInv)
Armour fits poorly on your strangely shaped body.
Your system is resistant to poisons. (rPois)
You cover ground very slowly.
You can spit poison.


Message History

* * * LOW HITPOINT WARNING * * *
The orc wizard hits you with a +0 dagger.
* * * LOW HITPOINT WARNING * * *
You feel better. The orc hits you but does no damage.
The orc wizard casts a spell.
The orc wizard blinks!
You barely miss the orc.
The orc wizard hits you with a +0 dagger.
* * * LOW HITPOINT WARNING * * *
The orc barely misses you.
You riposte.
You closely miss the orc. The orc wizard casts a spell at you.
The puff of flame misses you. The orc barely misses you.
You riposte.
You barely miss the orc. You barely miss the orc.
The orc wizard mumbles some strange words.
The orc wizard blinks!
The orc wizard hits you with a +0 dagger.
* * * LOW HITPOINT WARNING * * *
The orc hits you with a +2 vampiric hand axe.
You die...

#....#
#....#
###+#....#
.........#
.........#
.........#
.hh......#
##o##
#@o.#
#..o#
#§†.#
#...#
#...#
#...#
#...#
#...#
#####


You could see 2 orc wizards and an orc.

Vanquished Creatures
  A centaur (D:5)
  3 howler monkeys (D:8)
  A bullfrog zombie (D:5)
  Ijyb (D:4)
  2 orc wizards (D:8)
  A worker ant zombie (D:5)
  6 adders
  2 worms (D:2)
  3 dart slugs (D:1)
  6 leopard geckos
  5 orcs
  3 giant cockroaches
  7 goblins
  11 hobgoblins
  5 jackals
  A quokka (D:4)
  4 ball pythons
  8 bats
  7 frilled lizards
  7 kobolds
  5 rats
89 creatures vanquished.

Notes
Turn   | Place    | Note
-------+----------+-------------------------------------------
     0 | D:1      | Forecaster the Naga Venom Mage began the quest for the Orb.
     0 | D:1      | Reached XP level 1. HP: 15/15 MP: 3/3
   353 | D:1      | Reached XP level 2. HP: 22/22 MP: 5/5
   359 | D:1      | Learned a level 2 spell: Poisonous Vapours
   837 | D:1      | Reached XP level 3. HP: 28/28 MP: 3/6
  1755 | D:2      | Reached XP level 4. HP: 18/36 MP: 7/7
  1922 | D:2      | Reached skill level 1 in Maces & Flails
  1939 | D:2      | Reached skill level 1 in Armour
  2526 | D:2      | Reached skill level 1 in Air Magic
  2992 | D:3      | Reached XP level 5. HP: 43/43 MP: 1/8
  3120 | D:3      | Found a glowing golden altar of the Shining One.
  3707 | D:4      | Noticed Ijyb
  3716 | D:4      | Killed Ijyb
  3725 | D:4      | Got a faintly glowing scimitar
  3725 | D:4      | Identified the +1 scimitar of Laceration {vorpal, rElec
                  | Str-3 Int+8 Dex-4} (You found it on level 4 of the Dungeon)
  3935 | D:4      | Found Imou's Serpentskin Sales.
  4240 | D:4      | Found a white marble altar of Elyvilon.
  4624 | D:5      | Entered Level 5 of the Dungeon
  4670 | D:5      | Reached skill level 5 in Poison Magic
  4880 | D:5      | Found a sacrificial altar of Ru.
  4891 | D:5      | Noticed a centaur
  4899 | D:5      | HP: 2/43 [centaur/arrow (7)]
  4903 | D:5      | Killed a centaur
  4903 | D:5      | Reached skill level 1 in Short Blades
  4903 | D:5      | Reached XP level 6. HP: 13/50 MP: 0/11
  4909 | D:5      | Learned a level 4 spell: Olgreb's Toxic Radiance
  4913 | D:5      | Learned a level 3 spell: Ignite Poison
  5172 | D:5      | You fall into a shaft and drop 3 floors!
  5251 | D:8      | Reached skill level 1 in Fighting
  5266 | D:8      | Reached XP level 7. HP: 36/57 MP: 3/12
  5280 | D:8      | HP: 1/57 [orc wizard/+0 dagger (3)]
  5283 | D:8      | Slain by an orc

Illustrated notes

Levels and vault maps discovered:
D:1:      nagdon_arrival_zigzag_paths, layout_basic, minmay_octomino_j4
D:2:      layout_loops_cross, roderic_roman_lattice
D:3:      layout_loops_cross, old_standard_altar, st_stairs_8, kennysheep_potato
D:4:      layout_basic, elyvilon_altar_3, guppyfry_shop_venom, uniq_ijyb
D:5:      layout_basic, lemuel_round_altar, nicolae_dithmenos_the_darkroom
D:8:      layout_gridville, lemuel_mausoleum_altar_kikubaaqudgha,
          hangedman_decor_opposing, nicolae_ru_awakened_eye

Skill      XL: |  1  2  3  4  5  6 |
---------------+-------------------+-----
Maces & Flails | 1 |  1.4
Armour         | 1 2 |  2.0
Air Magic      | 1 2 |  2.2
Spellcasting   | 3 |  3.6
Poison Magic   | 5 |  5.4
Short Blades   | 1 |  1.8
Dodging        | 2 |  2.0
Fighting       | 1 |  1.0
Long Blades    | |  0.7
Stealth        | |  3.4
Transmutations | |  1.3
Fire Magic     | |  0.2

Action                   |  1- 3 |  4- 6 |  7- 9 || total
-------------------------+-------+-------+-------++-------
Melee: Mace              |   110 |    43 |       ||   153
       Unarmed           |     1 |       |       ||     1
       Dagger            |       |    29 |       ||    29
       Great sword       |       |    13 |    15 ||    28
 Cast: Sting             |     9 |       |       ||     9
       Poisonous Vapours |    10 |    49 |       ||    59
       Ignite Poison     |       |     2 |       ||     2
       Olgreb's Toxic Ra |       |     1 |       ||     1
  Use: Scroll            |     2 |     2 |       ||     4
       Potion            |       |     2 |     1 ||     3
 Stab: Sleeping          |     1 |       |       ||     1
Armor: Ring mail         |    67 |    45 |     5 ||   117
Dodge: Dodged            |    58 |    47 |     9 ||   114
       Rpst.: Great sword |       |     8 |     6 ||    14

Table legend: (Time is in decaauts)
 A = Elapsed time spent in this place.
 B = Non-inter-level travel time spent in this place.
 C = Inter-level travel time spent in this place.
 D = Time resting spent in this place.
 E = Time spent auto-exploring this place.
 F = Levels seen in this place.
 G = Mean time per level.
                   A        B        C        D        E       F      G
               +--------+--------+--------+--------+--------+-----+--------+
         Total |   6379 |   6193 |    186 |    622 |   4627 |   6 | 1063.2 |
       Dungeon |   6379 |   6193 |    186 |    622 |   4627 |   6 | 1063.2 |
               +--------+--------+--------+--------+--------+-----+--------+

Top non-repeatable levels by time:
     D:1: 1780 daAuts
     D:2: 1507 daAuts
     D:4: 1264 daAuts
     D:3: 1107 daAuts
     D:5: 584 daAuts
     D:8: 134 daAuts
